 Dungeon Crawl Stone Soup version 0.29.1-1-gd02db6906a (webtiles) character file.

Game seed: 4875206029183319083

578 Colgate the Chiller (level 7, -14/51 HPs)
             Began as a Barachi Ice Elementalist on Oct 11, 2022.
             Was a Follower of Trog.
             Demolished by an ogre
             ... wielding a +0 giant club
              (24 damage)
             ... on level 4 of the Dungeon.
             The game lasted 00:18:31 (7244 turns).

Colgate the Chiller (Barachi Ice Elementalist)      Turns: 7244, Time: 00:18:31

Health: -14/51     AC:  9    Str: 10    XL:     7   Next: 36%
Magic:  11/11      EV:  8    Int: 23    God:    Trog [*.....]
Gold:   153        SH:  0    Dex: 12    Spells: 5/12 levels left

rFire   x . .      SeeInvis .   a - +0 halberd
rCold   + + .      Faith    .   (shield currently unavailable)
rNeg    . . .      Spirit   .   d - +0 ice dragon scales
rPois   .          Reflect  .   (no helmet)
rElec   .          Harm     .   (no cloak)
rCorr   .          Rampage  .   (no gloves)
Will    .....                   (no boots)
Stlth   ..........              (no amulet)
HPRegen 0.17/turn               p - +6 ring of intelligence
MPRegen 0.12/turn               (no ring)

@: unable to hop, on berserk cooldown, slowed, very slow
A: amphibious, slowness 1, strong legs 1, +LOS
a: Hop, Renounce Religion, Berserk


You were on level 4 of the Dungeon.
You worshipped Trog.
Trog was aware of your devotion.
You visited 1 branch of the dungeon, and saw 4 of its levels.

You collected 153 gold pieces.

Inventory:

Hand Weapons
 a - a +0 halberd (weapon)
 b - a +0 trident
Armour
 d - +0 ice dragon scales (worn)
 s - a +0 plate armour
Jewellery
 p - a +6 ring of intelligence (left hand)
Scrolls
 c - 2 scrolls of fear
 e - a scroll of immolation
 g - 2 scrolls of vulnerability {unknown}
 h - a scroll of identify {@r1}
 j - a scroll of amnesia {unknown}
 k - a scroll of summoning {unknown}
 o - a scroll of noise {unknown}
Potions
 f - a potion of flight {unknown}
 i - a potion of might {unknown}
 l - a potion of ambrosia {unknown}
 m - a potion of berserk rage {unknown}
 n - 4 potions of curing {@q1}
 q - 2 potions of attraction
 r - a potion of degeneration {unknown}
 t - a potion of magic


   Skills:
 - Level 2.4 Fighting
 + Level 4.6 Polearms
 - Level 2.1 Dodging
 - Level 1.7 Stealth
 - Level 3.1 Spellcasting
 - Level 4.0 Conjurations
 - Level 6.0 Ice Magic


You had 5 spell levels left.
You knew the following spells:

 Your Spells              Type           Power      Damage    Failure   Level
a - Freeze                Ice            100%       1d11      11%         1
b - Frozen Ramparts       Ice            62%        1d10      32%         3
c - Ozocubu's Armour      Ice            31%        N/A       32%         3

Your spell library contained the following spells:

 Spells                   Type           Power      Damage    Failure   Level
 Hailstorm                Conj/Ice       26%        3d7       85%         4


Dungeon Overview and Level Annotations

Branches:
Dungeon (4/15)
 Temple: D:4-7

Altars:
Trog

Annotations:
D:2 kallion takana pottu


Innate Abilities, Weirdness & Mutations

You are amphibious.
You cover ground slowly.
You can hop short distances.
You have an extended range of vision and can be seen from far away.


Message History

You feel sick. The adder barely misses you.
You feel sick.
You are no longer poisoned.
The adder bites you but does no damage.
You completely miss the adder. The adder bites you but does no damage.
You barely miss the adder.
The adder bites you but does no damage. x2
A red film seems to cover your vision as you go berserk!
You feel yourself moving faster!
You feel mighty!
You can no longer call upon Trog for regeneration and willpower.
The adder bites you but does no damage.
You closely miss the adder. The adder barely misses you.
You barely miss the adder. The adder bites you. x2
You closely miss the adder. The adder bites you but does no damage.
You puncture the adder! The adder bites you but does no damage.
You closely miss the adder. The adder bites you but does no damage.
You puncture the adder!
You kill the adder!
Trog accepts your kill.
You start resting.
You feel a strong urge to attack something.
You start resting.
You are no longer berserk.
You are exhausted.
You feel yourself slow down.
You start resting.
You are ready to hop once more.
You start resting.
An ogre is nearby!
The ogre shouts!
Hop to where?
Boing!
Reach: a) +0 halberd
Aim: an ogre, wielding a +0 giant club (about 30% to evade your +0 halberd)
You reach to attack!
You hit the ogre. The ogre hits you with a +0 giant club!
You puncture the ogre! The ogre hits you with a +0 giant club!
* * * LOW HITPOINT WARNING * * *
You hit the ogre. The ogre closely misses you.
You puncture the ogre!
The ogre hits you with a +0 giant club!!
You die...

.........##......###.....#<.
............#####.....#...
............#####.###.##..
..#............#..##......
............#.....##......
.##.........##........##..
.##......####.........#...
........O##.#.........#..#
..##.....@..............##
.......#...####........###
#............ ##.......##.
#...........## ##.......K.
#...#...##..## #...[..>.##
#....... #..###.......##
##...... #............###
####...###.............##
#......#......K###..###


You could see an ogre.

Vanquished Creatures
  A phantom (D:3)
  A scorpion (D:4)
  An orc priest (D:3)
  A hound (D:4)
  Jessica (D:2)
  Natasha (thrice) (D:2)
  3 orc wizards
  4 gnolls (D:2)
  8 adders
  A dart slug (D:2)
  15 orcs
  7 ball pythons
  2 bats
  5 endoplasms
  7 giant cockroaches
  7 goblins
  4 hobgoblins
  6 jackals (D:3)
  3 quokkas
  4 frilled lizards
  6 kobolds
  3 rats
93 creatures vanquished.

Notes
Turn   | Place    | Note
-------+----------+-------------------------------------------
     0 | D:1      | Colgate the Barachi Ice Elementalist began the quest for
                  | the Orb.
     0 | D:1      | Reached XP level 1. HP: 13/13 MP: 3/3
   115 | D:1      | Reached skill level 5 in Ice Magic
   331 | D:1      | Reached XP level 2. HP: 19/19 MP: 3/5
   899 | D:2      | Reached XP level 3. HP: 20/24 MP: 1/6
   903 | D:2      | Learned a level 3 spell: Frozen Ramparts
   954 | D:2      | Reached skill level 6 in Ice Magic
   959 | D:2      | Reached skill level 1 in Conjurations
  1028 | D:2      | Reached XP level 4. HP: 2/30 MP: 1/7
  1033 | D:2      | Learned a level 3 spell: Ozocubu's Armour
  1640 | D:2      | Noticed Natasha
  1655 | D:2      | Killed Natasha
  1829 | D:2      | Noticed Jessica
  1833 | D:2      | Killed Jessica
  1834 | D:2      | Reached XP level 5. HP: 28/35 MP: 2/8
  1838 | D:2      | Noticed Natasha
  1862 | D:2      | Killed Natasha
  1879 | D:2      | Noticed Natasha
  1945 | D:2      | Killed Natasha
  2267 | D:2      | Found a faded altar of an unknown god.
  2281 | D:2      | Prayed at the altar of an unknown god.
  2281 | D:2      | Became a worshipper of Trog the Wrathful
  2281 | D:2      | Reached * piety under Trog
  2712 | D:3      | Reached skill level 1 in Fighting
  3254 | D:3      | Reached XP level 6. HP: 44/44 MP: 10/10
  4303 | D:4      | Noticed a water moccasin
  4741 | D:3      | Reached skill level 1 in Polearms
  4855 | D:3      | Reached ** piety under Trog
  7080 | D:3      | Reached XP level 7. HP: 40/51 MP: 11/11
  7244 | D:4      | Demolished by an ogre

Illustrated notes

Levels and vault maps discovered:
D:1:      elethiomel_arrival_shortcut, layout_loops_ring,
          chequers_serial_rivers_room_a, hangedman_abyss_or_decor_stabs,
          serial_park_tiny_1
D:2:      layout_basic, chequers_ecumenical_altar_simple_redux,
          item_on_display_a, uniq_natasha, uniq_jessica
D:3:      layout_basic, kennysheep_potato
D:4:      layout_cave_pools, mainiacjoe_overflow_six_doors_small,
          nicolae_tso_carved_into_rock, hangedman_decor_slide_cut

Skill      XL: |  1  2  3  4  5  6 |
---------------+-------------------+-----
Ice Magic      | 5 6 |  6.0
Conjurations   | 2 3 4 |  4.0
Spellcasting   | 3 |  3.1
Fighting       | 1 2 |  2.4
Polearms       | 4 |  4.6
Dodging        | |  2.1
Stealth        | |  1.7

Action                   |  1- 3 |  4- 6 |  7- 9 || total
-------------------------+-------+-------+-------++-------
Melee: Unarmed           |     3 |     7 |       ||    10
       Halberd           |       |   263 |    42 ||   305
       Trident           |       |    51 |       ||    51
 Cast: Freeze            |    26 |     9 |       ||    35
       Frozen Ramparts   |     2 |    11 |       ||    13
       Ozocubu's Armour  |       |     1 |       ||     1
Invok: Berserk           |       |     5 |     1 ||     6
 Abil: Hop               |     1 |    13 |     2 ||    16
  Use: Scroll            |       |     4 |       ||     4
 Stab: Distracted        |       |     1 |       ||     1
Armor: Robe              |     3 |     1 |       ||     4
       Ice dragon scales |       |   215 |    33 ||   248
Dodge: Dodged            |    20 |   152 |    21 ||   193
